 Dungeon Crawl Stone Soup version 0.28-a0-474-g535839065c (webtiles) character file.

Game seed: 18318375771034719767

20683 Squid the Basher (level 12, -9/95 HPs)
             Began as a Minotaur Berserker on Sept 15, 2021.
             Was a Follower of Trog.
             Mangled by a boulder beetle (31 damage)
             ... on level 13 of the Dungeon.
             The game lasted 00:43:56 (25874 turns).

Squid the Basher (Minotaur Berserker)              Turns: 25874, Time: 00:43:56

Health: -9/95      AC: 29    Str: 26    XL:     12   Next: 47%
Magic:  11/11      EV:  9    Int:  9    God:    Trog [*.....]
Gold:   687        SH: 14    Dex: 15    Spells: 11/11 levels left

rFire   . . .      SeeInvis +   i - +1 mace (vorpal)
rCold   . . .      Faith    .   c - +1 kite shield
rNeg    . . .      Spirit   .   l - +10 plate armour "Osebluce" {Int+5}
rPois   .          Reflect  .   (helmet unavailable)
rElec   .          Harm     .   (no cloak)
rCorr   .          Rampage  ∞   (no gloves)
Will    ++...                   h - +3 pair of seven-league boots {Rampage+∞}
Stlth   ..........              (no amulet)
HPRegen 1.25/turn               j - ring "Dodgheli" {Dex+4 SInv}
MPRegen 0.12/turn               n - ring of flight

@: strong-willed, on berserk cooldown, flying, regenerating, slowed, unable to
read, very slow
A: horns 3, retaliatory headbutt, hooves 1, frail 1, inability to read while
threatened
a: Renounce Religion, Berserk


You were on level 13 of the Dungeon.
You worshipped Trog.
Trog was aware of your devotion.
You visited 1 branch of the dungeon, and saw 13 of its levels.

You collected 687 gold pieces.

Inventory:

Hand Weapons
 i - a +1 vorpal mace (weapon)
Missiles
 e - 18 boomerangs (quivered)
Armour
 c - a +1 kite shield (worn)
 h - the +3 pair of seven-league boots (worn) {Rampage+∞}
   (You acquired it on level 6 of the Dungeon)

   Its wearer moves as far as possible in that direction when moving towards
   enemies.
 l - the +10 plate armour "Osebluce" (worn) {Int+5}
   (You acquired it on level 6 of the Dungeon)

   Int:       It affects your intelligence (+5).
Jewellery
 j - the ring "Dodgheli" (left hand) {Dex+4 SInv}
   (You acquired it on level 4 of the Dungeon)

   [ring of see invisible]

   Dex:       It affects your dexterity (+4).
   SInv:      It lets you see invisible.
 m - an amulet of regeneration
 n - a ring of flight (right hand)
Scrolls
 a - 2 scrolls of blinking
 d - 12 scrolls of teleportation
 f - 2 scrolls of fog
 o - a scroll of holy word
Potions
 b - a potion of lignification
 g - a potion of mutation
 k - a potion of curing


   Skills:
 + Level 10.2 Fighting
 + Level 13.3 Maces & Flails
 - Level 0.7 Throwing
 + Level 11.9 Armour
 + Level 5.5 Dodging
 - Level 1.0 Stealth
 + Level 13.2 Shields


You had 11 spell levels left.
You didn't know any spells.
Your spell library was empty.

Dungeon Overview and Level Annotations

Branches:
Dungeon (13/15)            Temple (0/1) D:5            Lair (0/6) D:11
    Orc (0/2) D:12
 Vaults: D:13-14

Altars:
Ashenzari
Dithmenos
Elyvilon
Hepliaklqana
Kikubaaqudgha
Makhleb
Okawaru
Ru
Trog
Uskayaw
Xom
Zin

Shops:
D:4 =?

Annotations:
D:2 Natasha


Innate Abilities, Weirdness & Mutations

You have a pair of large horns on your head.
You reflexively headbutt those who attack you in melee.
You have large cloven feet.
You are frail. (-10% HP)
You sometimes lose the ability to read scrolls when taking damage.


Message History

Your skin crawls.
You feel strong-willed.
The boulder beetle curls into a ball and begins rolling!
Your skin crawls.
You feel strong-willed.
Your skin crawls.
You feel strong-willed.
Your skin crawls.
You feel strong-willed.
You hit the boulder beetle but do no damage.
The boulder beetle is severely wounded.
The boulder beetle hits you!
You feel threatened and lose the ability to read scrolls!
* * * LOW HITPOINT WARNING * * *
The boulder beetle stops rolling and uncurls.
You thump the boulder beetle!
The boulder beetle is severely wounded.
You feel less wooden.
The +3 pair of seven-league boots {Rampage+∞} unmelds from your body.
The +10 plate armour "Osebluce" {Int+5} unmelds from your body.
You feel ready to stride towards your foes.
You recover from your berserk rage.
The boulder beetle leaps!
You start resting.
A boulder beetle is nearby!
Your skin crawls.
You feel strong-willed.
You can no longer call upon Trog for regeneration and willpower.
A red film seems to cover your vision as you go berserk!
You feel yourself moving faster!
You feel mighty!
The boulder beetle curls into a ball and begins rolling!
You feel a strong urge to attack something.
You feel your anger nearly subside.
You are no longer berserk.
You are exhausted.
You feel yourself slow down.
You sock the boulder beetle!
The boulder beetle is almost dead.
The boulder beetle hits you!!
You die...

......................
#.......).............
##............).......
##......#####†##########
#...)..#...............
##.....#.........######
#.....#.........#
#.....#.........#
.c.....#.....B@..#
...#.....#....°....#
8..#....##..°°.....# ..
#....#..........# .
.....#...........
.........### .........#
.........#


You could see a boulder beetle (rolling).

Vanquished Creatures
  Harold (D:8)
  A rakshasa (D:10)
  3 centaur warriors (D:13)
  A death knight (D:13)
  A two-headed ogre (D:9)
  4 slime creatures (D:12)
  A deep elf pyromancer (D:13)
  2 ugly things
  A cyclops (D:12)
  3 unseen horrors
  A gargoyle (D:12)
  3 meliai (D:13)
  A troll (D:11)
  3 shadows
  A wraith (D:13)
  A wyvern (D:9)
  A basilisk (D:13)
  8 yaks
  2 steam dragons
  A basilisk (shapeshifter) (D:13)
  14 vampire mosquitoes
  An acid dragon (D:11)
  2 necrophages
  A sky beast (D:6)
  An ice beast (D:6)
  5 orc warriors
  3 ogres
  A phantom (D:7)
  10 centaurs
  A kobold brigand (D:8)
  2 wyvern zombies
  2 bullfrogs
  5 scorpions
  A water moccasin zombie (D:6)
  2 gnoll sergeants
  A water moccasin skeleton (D:4)
  22 killer bees
  10 wights
  4 howler monkeys
  4 jellies
  4 centaur zombies
  A hound (D:3)
  2 gnoll shamans (D:5)
  3 orc priests
  2 centaur skeletons (D:7)
  A bullfrog skeleton (D:6)
  Terence (D:2)
  Natasha (D:2)
  9 orc wizards
  A killer bee zombie (D:5)
  Robin (D:2)
  17 gnolls
  9 adders
  2 white imps (D:8)
  An ufetubus (D:6)
  3 worms
  3 dart slugs
  43 orcs
  8 ball pythons
  8 endoplasms
  14 goblins
  4 hobgoblins
  4 jackals (D:1)
  13 kobolds
  2 quokkas
  4 bats
  2 frilled lizards
  5 rats
  3 bushes (D:6)
303 creatures vanquished.

Vanquished Creatures (others)
  2 centaurs (D:12)
2 creatures vanquished.

Grand Total: 305 creatures vanquished

Notes
Turn   | Place    | Note
-------+----------+-------------------------------------------
     0 | D:1      | Squid the Minotaur Berserker began the quest for the Orb.
     0 | D:1      | Reached XP level 1. HP: 19/19 MP: 0/0
   311 | D:1      | Reached XP level 2. HP: 27/27 MP: 1/1
   778 | D:1      | Reached ** piety under Trog
   785 | D:1      | Reached XP level 3. HP: 33/33 MP: 2/2
  1165 | D:2      | Noticed Robin
  1177 | D:2      | Killed Robin
  1180 | D:2      | Reached XP level 4. HP: 40/40 MP: 3/3
  2408 | D:2      | Noticed Terence
  2418 | D:2      | Killed Terence
  2709 | D:2      | Noticed Natasha
  2717 | D:2      | Killed Natasha
  2718 | D:2      | Reached skill level 5 in Maces & Flails
  2981 | D:2      | Noticed Natasha
  2989 | D:3      | Reached XP level 5. HP: 42/47 MP: 4/4
  3020 | D:3      | Found a faded altar of an unknown god.
  3186 | D:3      | Found a broken altar of Ashenzari.
  3340 | D:3      | Noticed an ogre
  3350 | D:3      | Killed an ogre
  3351 | D:3      | Reached XP level 6. HP: 53/53 MP: 5/5
  3845 | D:4      | Reached skill level 5 in Armour
  4007 | D:4      | Found Rebbimmirph's Jewellery Shop.
  4029 | D:4      | Identified a scroll of acquirement
  4029 | D:4      | Acquired the ring "Dodgheli" {Dex+4 SInv}
  4073 | D:4      | Found Karowig's Magic Scroll Boutique.
  4389 | D:4      | Reached skill level 1 in Stealth
  4389 | D:4      | Reached skill level 1 in Shields
  4389 | D:4      | Reached XP level 7. HP: 60/60 MP: 6/6
  4640 | D:5      | Entered Level 5 of the Dungeon
  4662 | D:5      | Reached *** piety under Trog
  4663 | D:5      | Reached skill level 5 in Fighting
  6093 | D:5      | Found a staircase to the Ecumenical Temple.
 15052 | D:5      | Found a white marble altar of Elyvilon.
 15134 | D:5      | Found a sacrificial altar of Ru.
 15538 | D:6      | Reached XP level 8. HP: 68/68 MP: 7/7
 16581 | D:6      | Acquired the +3 pair of seven-league boots {Rampage+∞}
 16581 | D:6      | Found the +3 pair of seven-league boots {Rampage+∞}
 16972 | D:6      | Found a shadowy altar of Dithmenos.
 16972 | D:6      | Found a hazy altar of Hepliaklqana.
 16973 | D:6      | Found a shimmering altar of Xom.
 17105 | D:6      | Acquired the +10 plate armour "Osebluce" {Int+5}
 17228 | D:7      | Reached skill level 5 in Shields
 17228 | D:7      | Reached XP level 9. HP: 65/78 MP: 8/8
 18049 | D:7      | Found an ancient bone altar of Kikubaaqudgha.
 18416 | D:8      | Noticed Harold
 18428 | D:8      | Killed Harold
 18603 | D:8      | Reached XP level 10. HP: 61/86 MP: 9/9
 18781 | D:8      | Reached skill level 10 in Maces & Flails
 19579 | D:9      | Noticed a two-headed ogre
 19587 | D:9      | Killed a two-headed ogre
 19701 | D:9      | Reached skill level 5 in Dodging
 19705 | D:9      | Reached skill level 10 in Armour
 20994 | D:10     | Entered Level 10 of the Dungeon
 21074 | D:10     | Reached **** piety under Trog
 21534 | D:10     | Found a burning altar of Makhleb.
 21540 | D:10     | Found a bloodstained altar of Trog.
 21561 | D:10     | Reached skill level 10 in Shields
 21578 | D:10     | Found an iron altar of Okawaru.
 21579 | D:10     | Found a glowing silver altar of Zin.
 21579 | D:10     | Found a hide-covered altar of Uskayaw.
 21713 | D:10     | Noticed a rakshasa
 21731 | D:10     | Killed a rakshasa
 21732 | D:10     | Reached XP level 11. HP: 95/95 MP: 10/10
 22213 | D:11     | Found a staircase to the Lair.
 22761 | D:11     | Noticed a cyan ugly thing
 22773 | D:11     | Killed a cyan ugly thing
 23901 | D:12     | Noticed a green ugly thing
 23909 | D:12     | Killed a green ugly thing
 24615 | D:12     | Reached XP level 12. HP: 91/105 MP: 11/11
 24915 | D:12     | Found a staircase to the Orcish Mines.
 25121 | D:13     | Noticed a centaur warrior
 25134 | D:13     | Killed a centaur warrior
 25523 | D:13     | Noticed a centaur warrior
 25531 | D:13     | Killed a centaur warrior
 25532 | D:13     | Reached skill level 10 in Fighting
 25661 | D:13     | Noticed a death knight
 25677 | D:13     | Killed a death knight
 25696 | D:13     | Noticed a centaur warrior
 25721 | D:13     | Killed a centaur warrior
 25814 | D:13     | Noticed a boulder beetle
 25831 | D:13     | HP: 3/159 [boulder beetle (18)]
 25855 | D:13     | Gained mutation: You sometimes lose the ability to read
                  | scrolls when taking damage. [potion of mutation]
 25855 | D:13     | Gained mutation: You have a pair of large horns on your
                  | head. [potion of mutation]
 25855 | D:13     | Gained mutation: You are frail. (-10% HP) [potion of
                  | mutation]
 25855 | D:13     | Gained mutation: You have large cloven feet. [potion of
                  | mutation]
 25874 | D:13     | Mangled by a boulder beetle

Illustrated notes

Levels and vault maps discovered:
D:1:      scummos_arrival_forest, layout_rooms
D:2:      layout_loops_ring, uniq_natasha, uniq_terence, uniq_robin
D:3:      layout_rooms, general_overflow_altar, basic_ecumenical_altar
D:4:      layout_cave_pools, serial_shops, shop, shop_fountains,
          minmay_misc_feat_diagonals
D:5:      layout_cave_pools, elyvilon_altar_1, nicolae_ru_sacrificial_ziggurat,
          minmay_temple_entry_nine_rooms
D:6:      layout_basic, gammafunk_temple_overflow_claw, hex_intersection,
          minmay_hedge_maze
D:7:      layout_rooms, mainiacjoe_overflow_24_doors
D:8:      layout_loops_corners, uniq_harold
D:9:      layout_cave_pods
D:10:     layout_basic, chequers_temple_overflow_statue_of_worship,
          mainiacjoe_overflow_tiny_flanked, chequers_serial_rivers_room_a
D:11:     layout_roguey, dpeg_oklobed_lair
D:12:     layout_basic, orc_0_dummy
D:13:     kennysheep_green_arena, layout_irregular_city, minivault_14

Skill      XL: |  1  2  3  4  5  6  7  8  9 10 11 12 |
---------------+-------------------------------------+-----
Maces & Flails | 4 5 6 7 8 9 11 12 13 | 13.3
Fighting       | 4 5 6 7 8 9 10 | 10.2
Armour         | 3 4 5 6 8 9 10 11 | 11.9
Dodging        | 3 4 5 |  5.5
Stealth        | 1 |  1.0
Shields        | 1 3 5 7 10 12 13 | 13.2
Throwing       | |  0.7

Action                   |  1- 3 |  4- 6 |  7- 9 | 10-12 || total
-------------------------+-------+-------+-------+-------++-------
Melee: Mace              |    53 |   109 |   464 |   598 ||  1224
       Headbutt          |    11 |    20 |   152 |   165 ||   348
Throw: Boomerang         |     5 |       |     7 |     1 ||    13
Invok: Berserk           |     2 |     2 |     6 |    20 ||    30
       Trog's Hand       |     1 |     3 |     8 |    35 ||    47
  Use: Scroll            |     2 |     5 |     9 |     7 ||    23
       Potion            |       |       |     9 |     5 ||    14
Armor: Animal skin       |     8 |       |       |       ||     8
       Ring mail         |    23 |    48 |    33 |       ||   104
       Plate armour      |       |       |   244 |   474 ||   718
       Skin              |       |       |     9 |     4 ||    13
Dodge: Dodged            |    37 |    80 |   122 |   224 ||   463
Block: Kite shield       |       |    27 |   238 |   500 ||   765

Table legend: (Time is in decaauts)
 A = Elapsed time spent in this place.
 B = Non-inter-level travel time spent in this place.
 C = Inter-level travel time spent in this place.
 D = Time resting spent in this place.
 E = Time spent auto-exploring this place.
 F = Levels seen in this place.
 G = Mean time per level.
                   A        B        C        D        E       F      G
               +--------+--------+--------+--------+--------+-----+--------+
         Total |  26247 |  25812 |    435 |  15176 |   7111 |  13 | 2019.0 |
       Dungeon |  26247 |  25812 |    435 |  15176 |   7111 |  13 | 2019.0 |
               +--------+--------+--------+--------+--------+-----+--------+

Top non-repeatable levels by time:
     D:5: 10927 daAuts
    D:12: 2122 daAuts
     D:2: 2106 daAuts
     D:6: 1713 daAuts
     D:9: 1424 daAuts
     D:8: 1329 daAuts
     D:7: 1161 daAuts
     D:4: 1032 daAuts
    D:11: 1028 daAuts
    D:10: 1005 daAuts
     D:1: 909 daAuts
    D:13: 833 daAuts
     D:3: 652 daAuts
